ORI
UNIVERSITY OF MAINE BLACK BEARS @ CALIFORNIA STATE UNIVERSITY AT FULLERTON TITANS
10/16/2044
 
TOP OF THE 1ST
University of Maine Black Bears batting - Pitching for California State University at Fullerton Titans : LHP Antonio Velazquez
Pitching: LHP Antonio Velazquez
Batting: RHB Wataru Tani 0-0: Ball
1-0: SINGLE (Groundball, 6S, EV 63.8 MPH) (infield hit)
Batting: RHB Juan Bonilla 0-0: Ball
Balk!
Wataru Tani to second
1-0: Fly out, F4 (Line Drive, 4, EV 71.3 MPH)
Batting: RHB Ruben Domingues 0-0: Ball
1-0: Ball
2-0: SINGLE (Groundball, 6MD, EV 101.3 MPH)
Wataru Tani to third
Runner from 3rd tries for Home, SAFE, throw by CF to home
Batting: RHB Alvin Garcia 0-0: Swinging Strike
0-1: Foul Ball, location: 2F
0-2: Ball
1-2: Fly out, F9 (Flyball, 9S, EV 86.3 MPH)
Batting: RHB Clark Meagher 0-0: Called Strike
0-1: Called Strike
0-2: Strikes out looking
Top of the 1st over - 1 run, 2 hits, 0 errors, 1 left on base; University of Maine 1 - California State University at Fullerton 0
BOTTOM OF THE 1ST
California State University at Fullerton Titans batting - Pitching for University of Maine Black Bears : RHP Emmanuel Godfrey
Pitching: RHP Emmanuel Godfrey
Batting: LHB Newt Peper 0-0: Ball
1-0: Foul Ball, location: 2F
1-1: Ball
2-1: Ball
3-1: SINGLE (Groundball, 4MD, EV 104.4 MPH)
Batting: RHB Manny Olave 0-0: Called Strike
0-1: Ball
1-1: Ball
2-1: Swinging Strike
2-2: Ball
3-2: Base on Balls
Newt Peper to second
Batting: RHB Don Burt 0-0: Called Strike
Newt Peper steals 3rd base
Manny Olave to second
0-1: Called Strike
0-2: Ground out 6-3 (Groundball, 6, EV 85.0 MPH)
Newt Peper scores
Batting: RHB Azeem bin Zuhair 0-0: Ball
1-0: Called Strike
1-1: Fly out, F7 (Flyball, 78S, EV 91.3 MPH)
Batting: LHB Xue-liang Zhou 0-0: Ball
1-0: Ground out 5-3 (Groundball, 56, EV 88.8 MPH)
Bottom of the 1st over - 1 run, 1 hit, 0 errors, 1 left on base; University of Maine 1 - California State University at Fullerton 1
TOP OF THE 2ND
University of Maine Black Bears batting - Pitching for California State University at Fullerton Titans : LHP Antonio Velazquez
Batting: RHB Ivan Navar 0-0: Ball
1-0: Called Strike
1-1: Ball
2-1: SINGLE (Groundball, 56D, EV 102.5 MPH)
Batting: RHB Jeff McClellan 0-0: Ball
1-0: Foul Ball, location: 2F
1-1: Ball
2-1: Swinging Strike
2-2: Foul Ball, location: 2F
2-2: Foul Ball, location: 2F
2-2: Ball
3-2: Foul Ball, location: 2F
3-2: Strikes out swinging
Ivan Navar steals 2nd base
Batter strikes out.
Batting: RHB Juan Acero 0-0: Foul Ball, location: 2F
0-1: Called Strike
0-2: Ball
1-2: Foul Ball, location: 2F
1-2: Ground out 5-3 (Groundball, 56, EV 92.5 MPH)
Batting: RHB Victor Dominguez 0-0: Swinging Strike
0-1: Foul Ball, location: 2F
0-2: Ball
1-2: Ball
2-2: Foul Ball, location: 2F
2-2: Strikes out swinging
Top of the 2nd over - 0 runs, 1 hit, 0 errors, 1 left on base; University of Maine 1 - California State University at Fullerton 1
BOTTOM OF THE 2ND
California State University at Fullerton Titans batting - Pitching for University of Maine Black Bears : RHP Emmanuel Godfrey
Batting: LHB Wing-tat Tai 0-0: Ball
1-0: Ball
2-0: Foul Ball, location: 2F
2-1: Ball
3-1: Base on Balls
Batting: RHB Ricky Alvarado 0-0: Called Strike
0-1: Ball
1-1: Called Strike
1-2: Strikes out looking
Batting: LHB George Last 0-0: SINGLE (Line Drive, 9S, EV 98.8 MPH)
Wing-tat Tai to second
Batting: RHB Oscar Ferrer 0-0: Ball
1-0: Swinging Strike
1-1: Called Strike
1-2: Ball
2-2: Foul Ball, location: 2F
2-2: Fly out, F9 (Flyball, 9LM, EV 84.4 MPH)
Batting: LHB Newt Peper 0-0: Ball
1-0: Foul Ball, location: 2F
1-1: Ball
2-1: Swinging Strike
2-2: Fielders Choice at 2nd, 5-4 (Groundball, 5, EV 85.0 MPH)
Bottom of the 2nd over - 0 runs, 1 hit, 0 errors, 2 left on base; University of Maine 1 - California State University at Fullerton 1
TOP OF THE 3RD
University of Maine Black Bears batting - Pitching for California State University at Fullerton Titans : LHP Antonio Velazquez
Batting: RHB Wataru Tani 0-0: Ball
1-0: Called Strike
1-1: Ground out 6-3 (Groundball, 6M, EV 103.8 MPH)
Batting: RHB Juan Bonilla 0-0: Called Strike
0-1: Called Strike
0-2: Foul Ball, location: 2F
0-2: Ball
1-2: Ground out 3-1 (Groundball, 34, EV 106.9 MPH)
Batting: RHB Ruben Domingues 0-0: Swinging Strike
0-1: Ball
1-1: Foul Ball, location: 2F
1-2: Reached on error, E6 (Groundball, 6S, EV 67.5 MPH)
Batting: RHB Alvin Garcia 0-0: Foul Ball, location: 2F
0-1: Ball
1-1: Foul Ball, location: 2F
1-2: Ground out 5-3 (Groundball, 56S, EV 88.1 MPH)
Top of the 3rd over - 0 runs, 0 hits, 1 error, 1 left on base; University of Maine 1 - California State University at Fullerton 1
BOTTOM OF THE 3RD
California State University at Fullerton Titans batting - Pitching for University of Maine Black Bears : RHP Emmanuel Godfrey
Batting: RHB Manny Olave 0-0: Ball
1-0: Fly out, F2 (Popup, 2R, EV 92.5 MPH)
Batting: RHB Don Burt 0-0: Ball
1-0: Fly out, F8 (Flyball, 8RXD, EV 99.4 MPH)
Batting: RHB Azeem bin Zuhair 0-0: Swinging Strike
0-1: Ball
1-1: Ball
2-1: Ball
3-1: Called Strike
3-2: Strikes out swinging, 2-3 out at first.
Bottom of the 3rd over - 0 runs, 0 hits, 0 errors, 0 left on base; University of Maine 1 - California State University at Fullerton 1
TOP OF THE 4TH
University of Maine Black Bears batting - Pitching for California State University at Fullerton Titans : LHP Antonio Velazquez
Batting: RHB Clark Meagher 0-0: Called Strike
0-1: Ball
1-1: Foul Ball, location: 2F
1-2: Ball
2-2: Ground out 6-3 (Groundball, 6, EV 85.0 MPH)
Batting: RHB Ivan Navar 0-0: Ball
1-0: Ground out 5-3 (Groundball, 56, EV 88.8 MPH)
Batting: RHB Jeff McClellan 0-0: Fly out, F7 (Flyball, 78M, EV 85.0 MPH)
Top of the 4th over - 0 runs, 0 hits, 0 errors, 0 left on base; University of Maine 1 - California State University at Fullerton 1
BOTTOM OF THE 4TH
California State University at Fullerton Titans batting - Pitching for University of Maine Black Bears : RHP Emmanuel Godfrey
Batting: LHB Xue-liang Zhou 0-0: Foul Ball, location: 2F
0-1: Fly out, F7 (Flyball, 7D, EV 94.4 MPH)
Batting: LHB Wing-tat Tai 0-0: Ball
1-0: Swinging Strike
1-1: Ground out 6-3 (Groundball, 6, EV 81.3 MPH)
Batting: RHB Ricky Alvarado 0-0: SINGLE (Groundball, 56D, EV 104.4 MPH)
Batting: LHB George Last 0-0: Called Strike
0-1: Ball
1-1: Swinging Strike
1-2: Ball
2-2: Ball
3-2: Fly out, F8 (Flyball, 78D, EV 101.9 MPH)
Bottom of the 4th over - 0 runs, 1 hit, 0 errors, 1 left on base; University of Maine 1 - California State University at Fullerton 1
TOP OF THE 5TH
University of Maine Black Bears batting - Pitching for California State University at Fullerton Titans : LHP Antonio Velazquez
Batting: RHB Juan Acero 0-0: Called Strike
0-1: Ball
1-1: Called Strike
1-2: Ball
2-2: Foul Ball, location: 2F
2-2: Ball
3-2: Ground out 5-3 (Groundball, 56, EV 85.0 MPH)
Batting: RHB Victor Dominguez 0-0: Swinging Strike
0-1: Ball
1-1: Called Strike
1-2: Foul Ball, location: 2F
1-2: Ball
2-2: Foul Ball, location: 2F
2-2: SINGLE (Groundball, 34D, EV 100.0 MPH)
Pitching: RHP Jimmy Loudner
Batting: RHB Wataru Tani 0-0: Ball
1-0: Called Strike
Victor Dominguez steals 2nd base
1-1: Swinging Strike
1-2: SINGLE (Groundball, 56D, EV 100.6 MPH) (infield hit)
Victor Dominguez to third
Batting: RHB Juan Bonilla 0-0: Called Strike
0-1: Ball
Wataru Tani is caught stealing 2nd base 2-4
1-1: Ball
2-1: Called Strike
2-2: Strikes out looking
Top of the 5th over - 0 runs, 2 hits, 0 errors, 1 left on base; University of Maine 1 - California State University at Fullerton 1
BOTTOM OF THE 5TH
California State University at Fullerton Titans batting - Pitching for University of Maine Black Bears : RHP Emmanuel Godfrey
Batting: RHB Oscar Ferrer 0-0: Called Strike
0-1: Foul Ball, location: 2F
0-2: Foul Ball, location: 2F
0-2: Ball
1-2: Fly out, F9 (Flyball, 9LS, EV 89.4 MPH)
Batting: LHB Newt Peper 0-0: Foul Ball, location: 2F
0-1: Ball
1-1: SINGLE (Groundball, 23, EV 66.3 MPH) (infield hit)
Batting: RHB Manny Olave 0-0: Fly out, F7 (Flyball, 7LS, EV 94.4 MPH)
Batting: RHB Don Burt 0-0: Ball
1-0: Ball
2-0: Ball
3-0: Called Strike
3-1: Foul Ball, location: 2F
3-2: Fly out, F9 (Flyball, 9S, EV 94.4 MPH)
Bottom of the 5th over - 0 runs, 1 hit, 0 errors, 1 left on base; University of Maine 1 - California State University at Fullerton 1
TOP OF THE 6TH
University of Maine Black Bears batting - Pitching for California State University at Fullerton Titans : RHP Jimmy Loudner
Batting: RHB Ruben Domingues 0-0: Foul Ball, location: 2F
0-1: Called Strike
0-2: Foul Ball, location: 2F
0-2: Strikes out swinging
Batting: RHB Alvin Garcia 0-0: Ball
1-0: Called Strike
1-1: Swinging Strike
1-2: Strikes out looking
Batting: RHB Clark Meagher 0-0: Ball
1-0: Called Strike
1-1: Ball
2-1: Swinging Strike
2-2: Strikes out swinging
Top of the 6th over - 0 runs, 0 hits, 0 errors, 0 left on base; University of Maine 1 - California State University at Fullerton 1
BOTTOM OF THE 6TH
California State University at Fullerton Titans batting - Pitching for University of Maine Black Bears : RHP Emmanuel Godfrey
Pitching: RHP Jordan Martinez
Batting: RHB Azeem bin Zuhair 0-0: Ball
1-0: Ball
2-0: Fly out, F8 (Flyball, 78S, EV 90.0 MPH)
Batting: LHB Xue-liang Zhou 0-0: Swinging Strike
0-1: Ball
1-1: Ball
2-1: Ground out 6-3 (Groundball, 6, EV 100.0 MPH)
Batting: LHB Wing-tat Tai 0-0: Ball
1-0: Ball
2-0: Ball
3-0: Called Strike
3-1: Base on Balls
Batting: RHB Ricky Alvarado 0-0: Fly out, F7 (Line Drive, 78M, EV 104.4 MPH)
Bottom of the 6th over - 0 runs, 0 hits, 0 errors, 1 left on base; University of Maine 1 - California State University at Fullerton 1
TOP OF THE 7TH
University of Maine Black Bears batting - Pitching for California State University at Fullerton Titans : RHP Jimmy Loudner
Pitching: RHP Justin Swanson
Batting: RHB Ivan Navar 0-0: Ground out 4-3 (Groundball, 13, EV 92.5 MPH)
Batting: RHB Jeff McClellan 0-0: SINGLE (Groundball, 4MD, EV 93.8 MPH)
Batting: RHB Juan Acero 0-0: Foul Ball, location: 2F
0-1: Ball
1-1: Foul Ball, location: 2F
1-2: Ball
2-2: Foul Ball, location: 2F
2-2: Foul Ball, location: 2F
2-2: Foul Ball, location: 2F
2-2: Ball
3-2: Fly out, F8 (Flyball, 89M, EV 76.3 MPH)
Pinch Hitting: RHB Konrad van Oosterhout 0-0: Called Strike
0-1: SINGLE (Flyball, 7LS, EV 93.8 MPH)
Jeff McClellan to second
Pinch Hitting: RHB Drew Coleman 0-0: Called Strike
0-1: DOUBLE (Line Drive, 89D, EV 114.4 MPH)
Jeff McClellan scores
Konrad van Oosterhout to third
Runner from 3rd tries for Home, throw by RF and OUT! 9-4-2
Top of the 7th over - 1 run, 3 hits, 0 errors, 1 left on base; University of Maine 2 - California State University at Fullerton 1
BOTTOM OF THE 7TH
California State University at Fullerton Titans batting - Pitching for University of Maine Black Bears : RHP Jordan Martinez
Now at 2B: Drew Coleman
Now at 3B: Seung-kab Park
Now at SS: Jose Simental
Now in LF: Ignacio Zapata
Now in CF: Ruben Domingues
Batting: RHB Nate Dabney 0-0: Swinging Strike
0-1: Foul Ball, location: 2F
0-2: Ball
1-2: Foul Ball, location: 2F
1-2: Strikes out swinging
Pinch Hitting: LHB Alex Larangho 0-0: Called Strike
0-1: Ball
1-1: Foul Ball, location: 2F
1-2: Foul Ball, location: 2F
1-2: Strikes out swinging
Batting: LHB Newt Peper 0-0: Foul Ball, location: 2F
0-1: Ball
1-1: Foul Ball, location: 2F
1-2: Ball
2-2: Ground out 4-3 (Groundball, 4, EV 90.0 MPH)
Bottom of the 7th over - 0 runs, 0 hits, 0 errors, 0 left on base; University of Maine 2 - California State University at Fullerton 1
TOP OF THE 8TH
University of Maine Black Bears batting - Pitching for California State University at Fullerton Titans : RHP Justin Swanson
Pitching: RHP Dave Williams
Now at 2B: Terciero Ortiz
Batting: RHB Juan Bonilla 0-0: Ball
1-0: Ball
2-0: Called Strike
2-1: Ball
3-1: Foul Ball, location: 2F
3-2: Foul Ball, location: 2F
3-2: Foul Ball, location: 2F
3-2: DOUBLE (Flyball, 89D, EV 98.1 MPH)
Batting: RHB Ruben Domingues 0-0: Intentional Walk
Batting: RHB Alvin Garcia 0-0: Called Strike
0-1: Ball
1-1: Ball
2-1: Ball
3-1: Swinging Strike
3-2: Foul Ball, location: 2F
3-2: Base on Balls
Juan Bonilla to third
Ruben Domingues to second
Batting: RHB Seung-kab Park 0-0: Ball
1-0: Called Strike
1-1: Called Strike
1-2: Strikes out looking
Batting: RHB Ivan Navar 0-0: Foul Ball, location: 2F
0-1: TRIPLE (Flyball, 3D, EV 95.0 MPH)
Juan Bonilla scores
Ruben Domingues scores
Alvin Garcia scores
Pitching: RHP Josh Long
Batting: RHB Ignacio Zapata 0-0: Called Strike
0-1: Ball
1-1: Ball
2-1: Foul Ball, location: 2F
2-2: Ball
3-2: Foul Ball, location: 2F
3-2: Base on Balls
Batting: RHB Juan Acero 0-0: Ball
Ignacio Zapata steals 2nd base (no throw)
1-0: Ball
2-0: Foul Ball, location: 2F
2-1: Ball
3-1: Called Strike
3-2: SINGLE (Groundball, 56D, EV 95.6 MPH)
Ivan Navar scores
Ignacio Zapata to third
Runner from 3rd tries for Home, SAFE, throw by LF to home
Batting: LHB Jose Simental 0-0: Ball
1-0: Ball
2-0: Called Strike
2-1: Swinging Strike
2-2: Foul Ball, location: 2F
2-2: Ball
3-2: Fielders Choice at 2nd, 4-6 (Groundball, 4, EV 85.0 MPH)
Batting: RHB Drew Coleman 0-0: Ball
1-0: Ball
2-0: Ball
Jose Simental steals 2nd base
3-0: Called Strike
3-1: Called Strike
3-2: Ground out 4-3 (Groundball, 4, EV 81.9 MPH)
Top of the 8th over - 5 runs, 3 hits, 0 errors, 1 left on base; University of Maine 7 - California State University at Fullerton 1
BOTTOM OF THE 8TH
California State University at Fullerton Titans batting - Pitching for University of Maine Black Bears : RHP Jordan Martinez
Batting: RHB Manny Olave 0-0: Called Strike
0-1: Called Strike
0-2: SINGLE (Groundball, 4MD, EV 97.5 MPH)
Batting: RHB Don Burt 0-0: Swinging Strike
0-1: Swinging Strike
0-2: Ball
1-2: Ball
2-2: Fly out, F9 (Flyball, 9, EV 87.5 MPH)
Pinch Hitting: LHB Zachery Ballard 0-0: Fly out, F8 (Flyball, 8LD, EV 87.5 MPH)
Batting: LHB Xue-liang Zhou 0-0: Ball
1-0: Called Strike
1-1: Ball
2-1: Ball
3-1: Fly out, F4 (Line Drive, 4, EV 62.5 MPH)
Bottom of the 8th over - 0 runs, 1 hit, 0 errors, 1 left on base; University of Maine 7 - California State University at Fullerton 1
TOP OF THE 9TH
University of Maine Black Bears batting - Pitching for California State University at Fullerton Titans : RHP Josh Long
Now in LF: Raul Gomez
Batting: RHB Juan Bonilla 0-0: Fly out, F9 (Flyball, 9LD, EV 87.5 MPH)
Batting: RHB Ruben Domingues 0-0: Swinging Strike
0-1: Ball
1-1: Ball
2-1: Foul Ball, location: 2F
2-2: SINGLE (Line Drive, 78S, EV 100.6 MPH)
Batting: RHB Alvin Garcia 0-0: Ball
1-0: Called Strike
1-1: Ball
2-1: Ball
3-1: Foul Ball, location: 2F
3-2: Base on Balls
Ruben Domingues to second
Batting: RHB Seung-kab Park 0-0: SINGLE (Line Drive, 7LM, EV 111.9 MPH)
Ruben Domingues to third
Alvin Garcia to second
Runner from 3rd tries for Home, throw by LF and OUT! 7-2
Batting: RHB Ivan Navar 0-0: Swinging Strike
0-1: Foul Ball, location: 2F
0-2: Ball
1-2: Ball
2-2: Strikes out swinging
Top of the 9th over - 0 runs, 2 hits, 0 errors, 2 left on base; University of Maine 7 - California State University at Fullerton 1
BOTTOM OF THE 9TH
California State University at Fullerton Titans batting - Pitching for University of Maine Black Bears : RHP Jordan Martinez
Pinch Hitting: RHB Mike Hill 0-0: Ball
1-0: Called Strike
1-1: Ball
2-1: Foul Ball, location: 2F
2-2: Foul Ball, location: 2F
2-2: Ball
3-2: Foul Ball, location: 2F
3-2: SINGLE (Groundball, 6MD, EV 96.9 MPH)
Pitching: RHP Larry McPhee
Pinch Hitting: RHB Amir Christy 0-0: Ball
1-0: Called Strike
1-1: Ball
2-1: Called Strike
2-2: SINGLE (Groundball, 6MD, EV 105.0 MPH)
Mike Hill to second
Batting: RHB Nate Dabney 0-0: Ball
1-0: Called Strike
1-1: Ball
2-1: Called Strike
2-2: Foul Ball, location: 2F
2-2: Ball
3-2: SINGLE (Groundball, 56D, EV 95.0 MPH)
Mike Hill to third
Amir Christy to second
Pinch Hitting: RHB Luke Peet 0-0: Called Strike
0-1: Ball
1-1: Foul Ball, location: 2F
1-2: Foul Ball, location: 2F
1-2: Ball
2-2: Ball
3-2: Foul Ball, location: 2F
3-2: Strikes out swinging
Pinch Hitting: RHB John Ricketts 0-0: Ball
1-0: Called Strike
1-1: Ball
2-1: Ball
3-1: Base on Balls
Mike Hill scores
Amir Christy to third
Nate Dabney to second
Pitching: RHP Jason Barber
Batting: RHB Manny Olave 0-0: Ball
1-0: SINGLE (Groundball, 6M, EV 90.0 MPH) (infield hit)
Amir Christy scores
Nate Dabney to third
John Ricketts to second
Pinch Hitting: RHB Ken Stair 0-0: Ball
1-0: Ball
2-0: Ball
3-0: Called Strike
3-1: Base on Balls
Nate Dabney scores
John Ricketts to third
Manny Olave to second
Pinch Hitting: RHB Chase Reiner 0-0: Ball
1-0: Foul Ball, location: 2F
1-1: Called Strike
1-2: Strikes out swinging
Pinch Hitting: LHB Walt van der Rest 0-0: Ball
1-0: Fielders Choice at 2nd, U4 (Groundball, 4M, EV 79.4 MPH)
Bottom of the 9th over - 3 runs, 4 hits, 0 errors, 3 left on base; University of Maine 7 - California State University at Fullerton 4
Thursday, March 31st , 2022 - OOTP Baseball 22.12 Build 89